 Dungeon Crawl Stone Soup version 0.18.1-47-g9310371 (webtiles) character file.

56 qqqbard the Scratcher (level 3, -2/17 HPs)
             Began as a Felid Monk on June 14, 2016.
             Slain by Purgy (3 damage)
             ... in a sewer.
             The game lasted 00:04:12 (1810 turns).

qqqbard the Scratcher (Felid Monk)                  Turns: 1810, Time: 00:04:13

Health: -2/17      AC:  1    Str:  7    XL:     3   Next: 71%
Magic:  4/4        EV: 20    Int: 11    God:
Gold:   132        SH:  0    Dex: 19    Spells: 0 memorised, 2 levels left
                                        Lives:  0   Deaths: 1

rFire  . . .     SeeInvis +       - Unarmed
rCold  . . .     Gourm    .     (armour unavailable)
rNeg   . . .     Faith    .     (shield unavailable)
rPois  .         Spirit   .     (helmet unavailable)
rElec  .         Dismiss  .     (cloak unavailable)
rCorr  .         Reflect  .     (gloves unavailable)
SustAt .         Harm     .     (boots unavailable)
MR     .....                    (no amulet)
Stlth  ++++......               (no ring)
                                (no ring)

@: quick, not resistant to hostile enchantments, stealthy
A: no armour, no weapons or thrown items, claws 1, fangs 3, see invisible,
carnivore 3, speed 1, shaggy fur 1, slow metabolism 1, sharp paws
a: no special abilities


You were in a sewer.
You were full.

You visited 1 branch of the dungeon, and saw 3 of its levels.
You also visited: Sewer.

You collected 132 gold pieces.

Inventory:

Jewellery
 b - an uncursed amulet of guardian spirit {unknown}
 f - an uncursed ring of poison resistance {unknown}
 p - an uncursed ring of see invisible {unknown}
Scrolls
 c - a scroll of teleportation {unknown}
 d - 4 scrolls of blinking {unknown}
 g - a scroll of immolation {unknown}
 i - a scroll of fog {unknown}
 j - a scroll of random uselessness {unknown}
 m - 2 scrolls of remove curse {unknown}
 n - a scroll of enchant weapon {unknown}
 o - a scroll of magic mapping {unknown}
 q - a scroll of noise {unknown}
 s - a scroll of fear {unknown}
 t - a scroll of identify {unknown}
Potions
 k - a potion of heal wounds {unknown}
 r - a potion of ambrosia {unknown}
 u - a potion of flight {unknown}
Comestibles
 a - 2 meat rations
 l - 2 beef jerkies


   Skills:
 - Level 3.0 Fighting
 - Level 4.0 Dodging
 + Level 4.5 Stealth
 - Level 5.5 Unarmed Combat


You had 2 spell levels left.
You didn't know any spells.

Dungeon Overview and Level Annotations

Branches:
Dungeon (3/15)

Altars:
Fedhas
Kikubaaqudgha
Okawaru

Annotations:
D:3 KrombopulosMichael's ghost, amateur OpAs Sewer Purgy


Innate Abilities, Weirdness & Mutations

You cannot wear armour.
You are incapable of wielding weapons or throwing items.
You have sharp claws.
You have razor-sharp teeth.
You have supernaturally acute eyesight.
You are carnivorous and can eat meat at any time.
You cover ground quickly.
You are covered in fur (AC +1).
You have a slow metabolism.
Your sharp claws are effective at attacking unaware monsters.


Message History

Found 2 orange potions and a scroll labeled SUSTUO HIENG.
The helpless Purgy fails to defend himself.
You mangle Purgy!!
Purgy is severely wounded.
Purgy bites you! Purgy barely misses you. Purgy closely misses you.
You scratch Purgy but do no damage.
Purgy is severely wounded.
You scratch Purgy.
Purgy is severely wounded.
Purgy misses you. x3
You barely miss Purgy.
Purgy is severely wounded.
Purgy bites you.
* * * LOW HITPOINT WARNING * * *
Purgy barely misses you. Purgy claws you.
* * * LOW HITPOINT WARNING * * *
You barely miss Purgy.
Purgy is severely wounded.
Purgy bites you.
You die...

##≈≈≈≈≈≈≈≈≈≈≈≈≈###
###≈≈≈≈
#≈≈≈≈≈≈≈≈≈≈≈≈###
#≈≈≈≈
≈≈≈≈≈≈≈≈≈≈≈###
##.#. ≈≈≈≈≈≈≈≈≈###
###. ≈≈≈≈≈≈≈≈## ##
≈≈≈≈≈≈≈≈.# ##
≈≈≈≈≈≈≈.## #.
≈≈≈≈≈≈≈.#######?!!
#.
≈≈≈≈≈≈≈≈≈.@T≈.≈≈∩!
###≈
≈≈≈≈≈≈≈≈#######!!?
#††≈ ≈≈≈≈≈≈≈≈#
##∩≈ ≈≈≈≈≈≈.## #.≈
≈≈≈≈≈≈≈ ####
≈≈≈≈≈≈≈ ###.#≈
≈≈≈≈≈≈≈ #..≈≈≈
≈≈≈≈≈ ##.#≈≈≈
#.≈≈≈≈≈


You could see Purgy.

Vanquished Creatures
  7 adders
  A dart slug (D:1)
  A giant gecko (D:2)
  3 ball pythons (Sewer)
  6 bats
  3 giant cockroaches
  9 hobgoblins
  3 jackals (D:2)
  A quokka (D:3)
  2 giant newts (Sewer)
  5 goblins
  5 kobolds
  4 rats
50 creatures vanquished.

Notes
Turn   | Place    | Note
--------------------------------------------------------------
     0 | D:1      | qqqbard the Felid Monk began the quest for the Orb.
     0 | D:1      | Reached XP level 1. HP: 10/10 MP: 2/2
    67 | D:1      | You fall through a shaft!
    73 | D:2      | Reached XP level 2. HP: 14/14 MP: 3/3
   197 | D:2      | Reached skill level 5 in Unarmed Combat
   197 | D:2      | Reached XP level 3. HP: 17/17 MP: 4/4
   539 | D:2      | Found a blossoming altar of Fedhas.
  1011 | D:2      | Found an ancient bone altar of Kikubaaqudgha.
  1012 | D:2      | Found an iron altar of Okawaru.
  1207 | D:1      | Reached XP level 4. HP: 19/21 MP: 5/5
  1604 | D:3      | Found a faded altar to an unknown god.
  1612 | D:3      | Found a glowing drain.
  1629 | D:3      | Noticed KrombopulosMichael's ghost (amateur OpAs)
  1674 | Sewer    | Entered a sewer
  1733 | Sewer    | HP: 1/21 [ball python (1)]
  1734 | Sewer    | Slain by a ball python
  1735 | Sewer    | Reached XP level 3. HP: 0/17 MP: 4/4
  1802 | Sewer    | Noticed Purgy
  1810 | Sewer    | Slain by Purgy

Skill      XL: |  1  2  3  4 |
---------------+-------------+-----
Unarmed Combat | 5 |  5.5
Stealth        | 4 |  4.5
Fighting       | |  3.0
Dodging        | |  4.0

Action                   |  1- 3 |  4- 6 || total
-------------------------+-------+-------++-------
Melee: Unarmed           |    75 |    57 ||   132
       Bite              |     4 |     5 ||     9
       Punch             |     1 |       ||     1
  Use: Potion            |       |     2 ||     2
 Stab: Sleeping          |    14 |     1 ||    15
  Eat: Chunk             |    10 |     1 ||    11
Armor: Skin              |     3 |     1 ||     4
Dodge: Dodged            |    83 |    89 ||   172
